 Dungeon Crawl Stone Soup version 0.17-a0-1176-g3d5a0d0 (webtiles) character file.

10008005 nubinia the Ruinous (level 27, 175/175 HPs)
             Began as a Gargoyle Venom Mage on May 21, 2015.
             Was the Champion of Zin.
             Escaped with the Orb
             ... and 15 runes on May 30, 2015!
             The game lasted 1 day 05:58:18 (168166 turns).

nubinia the Ruinous (Gargoyle Venom Mage)     Turns: 168166, Time: 1 , 05:58:18

Health: 175/175    AC: 70    Str: 22    XL:     27
Magic:  59/59      EV: 20    Int: 24    God:    Zin [******]
Gold:   5726       SH: 22    Dex: 16    Spells: 20 memorised, 3 levels left

rFire  + + +     SeeInvis +     a - +9 flail (protect)
rCold  + + .     Clarity  .     v - +8 fire dragon armour
rNeg   + . .     SustAt   .     B - +5 shield {rC+ rF+}
rPois  ∞         Gourm    .     V - +0 mask of the Dragon {MR+ Slay+3 SInv}
rElec  +         Spirit   .     D - +2 cloak of Chill Winds {+Blink rC+ rCorr Slay+3}
rCorr  +         Warding  .     I - +5 pair of gloves of Fympac {Str+7 Dex-3 Stlth+}
rMut   .         Stasis   .     n - +2 pair of boots {Stlth+}
MR     +++..                    r - amulet of regeneration
Stlth  +++.......               R - ring of Robustness {AC+8}
                                Z - ring "Muchuen" {rC+ MP+9 Str+3 Dex+4 Stlth+}

@: repel missiles, extremely resistant to hostile enchantments, fairly stealthy
A: big wings, negative energy resistance 1, electricity resistance, unbreathing,
petrification resistance, rot immunity, AC +20
a: Fly, Recite, Vitalisation, Imprison, Sanctuary, Renounce Religion, Evoke
Blink
0: Orb of Zot
}: 15/15 runes: serpentine, barnacled, slimy, silver, golden, iron, obsidian,
icy, bone, abyssal, demonic, glowing, magical, fiery, dark


You escaped.
You worshipped Zin.
Zin was exalted by your worship.
You were not hungry.

You visited 18 branches of the dungeon, and saw 95 of its levels.
You visited Pandemonium 4 times, and saw 25 of its levels.
You visited the Abyss 6 times.
You visited 2 ziggurats, and saw 21 of their levels (deepest: 13).
You also visited: Trove and Ice Cave.

You collected 14790 gold pieces.
You spent 4177 gold pieces at shops.
You donated 4887 gold pieces to Zin.

Inventory:

Hand weapons
 a - a +9 flail of protection (weapon)
 T - the +4 dagger of the Special Wonders {speed, rPois rF+ Str+3 Dex+4}
   (You found it in Pandemonium)

   Attacks with this weapon are significantly faster.
   It affects your strength (+3).
   It affects your dexterity (+4).
   It protects you from fire.
   It protects you from poison.
Armour
 l - the +5 chain mail of Life {rN+ Regen+ Str+4}
   (You found it on level 4 of a ziggurat)

   It affects your strength (+4).
   It protects you from negative energy.
   It increases your rate of regeneration.
 n - a +2 pair of boots of stealth (worn)
 v - a +8 fire dragon armour (worn)
 B - a +5 shield of resistance (worn)
 D - the +2 cloak of Chill Winds (worn) {+Blink rC+ rCorr Slay+3}
   (You acquired it on level 3 of the Snake Pit)

   It affects your accuracy and damage with ranged weapons and melee attacks
   (+3).
   It protects you from cold.
   It lets you blink.
   It protects you from acid and corrosion.
 I - the +5 pair of gloves of Fympac (worn) {Str+7 Dex-3 Stlth+}
   (You found it on level 1 of the Abyss)

   It affects your strength (+7).
   It affects your dexterity (-3).
   It makes you more stealthy.
 V - the +0 mask of the Dragon (worn) {MR+ Slay+3 SInv}
   (You found it on level 3 of the Elven Halls)

   It affects your accuracy and damage with ranged weapons and melee attacks
   (+3).
   It affects your resistance to hostile enchantments.
   It lets you see invisible.
Rods
 x - a +1 rod of ignition (10/10)
   (You took it off a putrid demonspawn in Pandemonium)
Jewellery
 c - an uncursed ring of sustain attributes
 f - an uncursed amulet of stasis
 g - the amulet "Trusted Companion" {Gourm MP+9}
   (You took it off a balrug in Pandemonium)

   [amulet of the gourmand]

   It allows you to eat raw meat even when not hungry.
   It affects your magic capacity (+9).
 m - the ring "Bucrebri" {+/*Tele +Blink +Inv}
   (You found it on level 7 of a ziggurat)

   [ring of teleportation]

   It may teleport you to nearby monsters, and can be evoked to randomly
   teleport.
   It lets you turn invisible.
   It lets you blink.
 r - an amulet of regeneration (around neck)
 y - the ring "Abath" {-Tele Int+7 Dex+6 Stlth+}
   (You found it on level 12 of a ziggurat)

   [ring of dexterity]

   It affects your intelligence (+7).
   It affects your dexterity (+6).
   It prevents most forms of teleportation.
   It makes you more stealthy.
 C - an uncursed amulet of clarity
 H - the amulet of the Townfolk {rMut rN+ Slay+2}
   (You found it on level 3 of the Crypt)

   [amulet of resist mutation]

   It protects you from mutation.
   It affects your accuracy and damage with ranged weapons and melee attacks
   (+2).
   It protects you from negative energy.
 R - the ring of Robustness (right hand) {AC+8}
   (You found it on level 7 of the Dungeon)

   [ring of protection]

   It affects your AC (+8).
 Z - the ring "Muchuen" (left hand) {rC+ MP+9 Str+3 Dex+4 Stlth+}
   (You took it off a merfolk on level 4 of the Shoals)

   [ring of magical power]

   It affects your strength (+3).
   It affects your dexterity (+4).
   It protects you from cold.
   It affects your magic capacity (+9).
   It makes you more stealthy.
Magical devices
 d - a wand of fire (5)
 t - a wand of fire (7)
 A - a wand of cold (6)
 J - a wand of hasting (5)
 M - a wand of heal wounds (3)
 P - a wand of teleportation (4)
Scrolls
 e - 5 scrolls of holy word
 j - 8 scrolls of recharging
 o - a scroll of teleportation
 p - 5 scrolls of magic mapping
 s - 10 scrolls of blinking
 z - 21 scrolls of remove curse
 O - 4 scrolls of summoning
 Q - 7 scrolls of identify
Potions
 b - a potion of resistance
 k - 2 potions of brilliance
 q - 22 potions of curing
 u - 8 potions of haste
 w - 9 potions of heal wounds
 G - 11 potions of agility
 W - 4 potions of cure mutation
 X - a potion of might
 Y - 6 potions of magic
Books
 h - a book of the Earth

   Spells                             Type                      Level
   a - Leda's Liquefaction            Hexes/Earth                  4
   b - Bolt of Magma                  Conjuration/Fire/Earth       5
   c - Statue Form                    Transmutation/Earth          6
   d - Iron Shot                      Conjuration/Earth            6
   e - Shatter                        Earth                        9
Miscellaneous
 i - a fan of gales
 E - a lamp of fire
 K - a phial of floods
 L - a phial of floods
 N - a phial of floods
 S - 3 phantom mirrors
 U - a lamp of fire
Comestibles
 F - 7 meat rations


   Skills:
 + Level 18.4 Fighting
 + Level 19.2 Maces & Flails
 - Level 3.1 Throwing
 + Level 17.9 Armour
 + Level 16.0 Dodging
 + Level 19.9 Stealth
 + Level 22.9 Shields
 + Level 23.1 Spellcasting
 + Level 25.9 Conjurations
 - Level 10.3 Hexes
 - Level 9.8 Charms
   Level 5.0 Necromancy
 + Level 15.3 Translocations
 - Level 1.9 Transmutations
 + Level 15.1 Fire Magic
 + Level 12.8 Ice Magic
 - Level 1.3 Air Magic
 + Level 21.7 Earth Magic
 - Level 4.5 Poison Magic
 + Level 17.0 Invocations
 + Level 13.4 Evocations


You had 3 spell levels left.
You knew the following spells:

 Your Spells              Type           Power        Failure   Level  Hunger
a - Magic Dart            Conj           ####         0%          1    None
b - Dazzling Spray        Conj/Hex       #######.     0%          3    None
c - Mephitic Cloud        Conj/Pois/Air  ######..     1%          3    None
d - Iskenderun's Mystic   Conj           ########     0%          4    None
e - Bolt of Magma         Conj/Fire/Erth #######...   1%          5    None
f - Force Lance           Conj/Tloc      #######.     0%          4    None
g - Shroud of Golubria    Chrm/Tloc      ######....   1%          2    None
h - Control Teleport      Chrm/Tloc      ######....   1%          4    None
i - Iskenderun's Battles  Conj/Chrm      #######.     1%          5    None
j - Swiftness             Chrm/Air       ######..     1%          2    None
k - Cause Fear            Hex            ######....   1%          4    None
l - Lee's Rapid Deconstr  Erth           #######...   0%          5    None
m - Apportation           Tloc           #######...   0%          1    None
n - Sticky Flame          Conj/Fire      #######.     0%          4    None
o - Phase Shift           Tloc           #######...   1%          5    None
p - Blink                 Tloc           N/A          0%          2    None
q - Bolt of Cold          Conj/Ice       #######...   1%          6    None
r - Repel Missiles        Chrm/Air       ######       1%          2    None
s - Stoneskin             Trmt/Erth      ######..     1%          2    None
F - Fireball              Conj/Fire      #######...   1%          5    None


Dungeon Overview and Level Annotations

Branches:
Dungeon (15/15)            Temple (1/1) D:5            Lair (8/8) D:11
 Shoals (4/4) Lair:6        Snake (4/4) Lair:3        Slime (6/6) Lair:6
    Orc (4/4) D:11            Elf (3/3) Orc:3        Vaults (5/5) D:13
  Crypt (3/3) Vaults:2       Tomb (3/3) Crypt:3      Depths (5/5) D:15
   Hell (1/1)                 Dis (7/7) Hell            Geh (7/7) Hell
    Coc (7/7) Hell            Tar (7/7) Hell            Zot (5/5) Depths:5

Altars:
Cheibriados
Elyvilon
Kikubaaqudgha
Makhleb
Okawaru
Qazlal
Ru
Sif Muna
Trog
Vehumet
Xom
Yredelemnul
Zin
The Shining One
Beogh
Jiyva

Shops:
Orc:4 *:([   Elf:3 *   Snake:1 ?   Snake:4 :   Vaults:2 *?%?   Vaults:3 *
Vaults:4 %   Depths:4 }   Depths:5 *

Portals:
Hell: Depths:1 Depths:2 Depths:3 Depths:4 Depths:5
Abyss: Depths:3 Depths:4 Depths:5
Pandemonium: Depths:1 Depths:3

Annotations:
D:5 HEYYEYAAE's ghost, average OpFi
Shoals:4 exclusion: kraken
Snake:3 Mara; Vashnia
Slime:6 Dissolution; Royal Jelly
Crypt:2 Mennas
Dis:7 Dispater
Geh:7 exclusions: battlesphere and 3 more exclusions, Asmodeus
Coc:7 Antaeus
Tar:7 Ereshkigal


Innate Abilities, Weirdness & Mutations

You are resistant to torment.
Your stone body is resilient (AC +20).
You are immune to poison.
Your large and strong wings let you fly indefinitely.
You resist negative energy.
You are resistant to electric shocks.
You can survive without breathing.
You are immune to petrification.
You are immune to rotting.


Message History

You climb upwards.
You sense a powerful magical force warping space.
There is a stone staircase leading down here.
(D) Dungeon (T) Temple (L) Lair (A) Shoals (P) Snake Pit (M) Slime Pits (O) Orcish Mines (E) Elven Halls (V) Vaults (C) Crypt (W) Tomb (U) Depths (H) Hell (I) Dis (G) Gehenna (X) Cocytus (Y) Tartarus (Z) Zot
Where to? (Enter - D:2, ? - help)
There is a stone staircase leading up here.
You climb upwards.
You sense a powerful magical force warping space.
There is a stone staircase leading down here.
There is an open door here.
There is an open door here.
A hell beast comes into view.
The hell beast moves out of view.
There is a staircase leading out of the dungeon here.
You can't go down here!
You have escaped!

.....##.## #................#
####.##..# #................#
.....###.# #.......##########
####.###.#########.# ##########
#'#...........#.# #........#
#†#...2...[...#.# #........#
####'#.#..#..#...#.# #........#
..)..+..§........#.# #........#
..####.8........@#.# #........#
..'(.'2.≈........#.# #........#
..##)#.#.)#..#...#.# #........##
..##.#...........#.# #........#.
...#'#.....[.....#.# #........#.
.....###.#########>####.[......#.
..#### #.########..............#.
..# #.......##....##........#.
### ###.###.##.#............#.


You could see a hell beast (wandering).

Vanquished Creatures
  Gloorx Vloq (Pan)
  the Serpent of Hell (Geh:7)
  6 ancient liches
  Khufu (Tomb:2)
  5 orbs of fire
  3 pandemonium lords
  32 greater mummies
  Sojobo (Crypt:2)
  Boris (Depths:5)
  Frederick (Vaults:2)
  Margery (Crypt:1)
  A curse toe (Zot:4)
  9 shard shrikes
  5 caustic shrikes
  Geryon (Hell)
  A Killer Klown (Zot:5)
  12 golden dragons
  6 bone dragons
  9 liches
  4 electric golems
  Jorgrun (Vaults:2)
  17 Brimstone Fiends
  A hellephant (Depths:1)
  28 tentacled monstrosities
  8 Hell Sentinels
  18 Orb Guardians
  Asterion (Vaults:1)
  3 deep elf blademasters
  6 titans (Zig:13)
  2 deep elf master archers (Elf:3)
  18 acid blobs
  2 quicksilver dragons
  15 Shadow Fiends
  25 Ice Fiends
  3 krakens
  12 ancient champions
  An octopode crusher (D:15)
  24 Executioners
  7 shadow dragons
  9 tentacled starspawn
  12 sphinxes
  19 storm dragons
  Kirke (D:13)
  3 revenants
  7 tengu reavers
  25 fire giants
  2 draconian monks
  14 greater nagas
  A daeva (Pan)
  Ilsuiw (Shoals:4)
  8 iron dragons
  3 draconian knights
  4 azure jellies
  4 ghost moths
  21 vault wardens
  13 frost giants
  6 black suns (Pan)
  8 deep elf sorcerers
  Aizul (Snake:3)
  Louise (D:14)
  6 draconian scorchers
  29 cacodemons
  6 emperor scorpions
  42 balrugs
  6 draconian zealots
  6 curse skulls
  A caustic shrike zombie (Crypt:2)
  7 draconian shifters
  3 warmongers (Pan)
  An angel (Pan)
  An orc warlord (Zig:8)
  2 ghouls (Crypt:3)
  14 ironheart preservers
  3 war gargoyles
  5 draconian annihilators
  A spriggan defender (Depths:4)
  32 very ugly things
  9 salamander firebrands
  3 blood saints (Pan)
  7 rakshasas
  3 elemental wellsprings
  27 stone giants
  3 draconian callers
  7 green draconians
  71 reapers
  An apis (Pan)
  6 deep elf annihilators
  6 vampire knights
  A Killer Klown skeleton (Zot:5)
  7 black draconians
  4 corrupters (Pan)
  10 yellow draconians
  10 white draconians
  2 bennus (Tomb:2)
  6 deep elf demonologists
  10 purple draconians
  17 lorocyprocas
  7 mottled draconians
  10 red draconians
  6 chaos champions (Pan)
  7 eidola
  10 green deaths
  A jiangshi (Crypt:2)
  Snorg (D:13)
  20 ettins
  6 merfolk javelineers
  16 yaktaur captains
  15 deep elf death magi
  7 merfolk impalers
  32 mummy priests
  Josephine (Orc:4)
  27 vault guards
  26 blizzard demons
  8 deep elf high priests
  17 great orbs of eyes
  15 fire dragons
  6 quicksilver dragon zombies
  8 death cobs
  4 death oozes
  8 hell beasts
  9 hydras
  3 entropy weavers
  Harold (D:10)
  2 spriggan air magi (Depths:4)
  4 quicksilver dragon skeletons
  30 ice dragons
  20 naga warriors
  12 monstrous demonspawn (Pan)
  A ghost crab (shapeshifter) (Elf:1)
  5 merfolk avatars
  3 death knights
  4 catoblepae
  19 dancing weapons
  An alligator (Abyss:4)
  3 merfolk aquamancers
  A satyr (Shoals:4)
  14 anacondas
  10 centaur warriors
  9 deep troll shamans
  A queen ant (Lair:3)
  18 ogre magi
  3 vampire magi
  13 death yaks
  12 tengu warriors
  14 hell hogs
  13 deep troll earth magi
  2 salamander stormcallers (Vaults:5)
  Urug (D:13)
  5 spriggan berserkers
  29 soul eaters
  2 spriggans (Depths:4)
  13 iron golems
  10 orc high priests
  2 titan zombies
  27 naga sharpshooters
  12 shock serpents
  Sonja (Lair:3)
  38 hell knights
  29 iron trolls
  3 titan skeletons
  5 storm dragon zombies
  3 wretched stars (Abyss:1)
  6 thrashing horrors
  5 salamander mystics
  94 skeletal warriors
  31 shadow wraiths
  28 death scarabs
  65 sun demons
  A death drake (Tar:1)
  22 small abominations
  30 ice devils
  4 fire crabs
  11 deep elf knights
  7 giant orange brains
  6 storm dragon skeletons
  A lindwurm (shapeshifter) (Vaults:5)
  19 flayed ghosts
  A ghost moth zombie (Crypt:3)
  5 golden dragon zombies
  29 deep trolls
  21 necromancers
  18 shadow demons
  14 anaconda zombies
  12 sea snakes
  2 kraken simulacra (Coc:7)
  4 deep elf summoners
  12 gelid demonspawn (Pan)
  12 wizards
  16 infernal demonspawn (Pan)
  16 ironbrand convokers
  6 ice statues
  21 anubis guards
  A spriggan druid (Depths:5)
  2 swamp dragons
  2 obsidian statues
  6 naga ritualists
  15 hill giants
  8 shadow dragon zombies
  8 anaconda skeletons
  11 putrid demonspawn (Pan)
  10 torturous demonspawn (Pan)
  6 unseen horrors
  11 wolf spider zombies
  2 sphinx zombies
  8 golden dragon skeletons
  20 deep elf conjurers
  An orb spider (shapeshifter) (Vaults:4)
  11 orc knights
  16 orc sorcerers
  4 iron dragon zombies
  27 harpies
  17 phantasmal warriors
  2 shadow dragon skeletons
  6 oklob plants
  9 water nymphs
  3 fauns (Shoals:4)
  A moth of wrath (shapeshifter) (Vaults:5)
  7 fire giant zombies
  A tengu skeleton (Vaults:4)
  3 human zombies
  22 mana vipers
  78 ugly things
  13 frost giant zombies
  A shining eye (shapeshifter) (Depths:4)
  6 stone giant zombies
  A sphinx skeleton (Depths:4)
  18 griffons
  2 hornets (shapeshifter)
  3 wolf spiders
  13 shining eyes
  6 hornets
  A salamander (shapeshifter) (Depths:1)
  7 cyclopes
  A faun (shapeshifter) (Depths:1)
  3 drowned souls
  51 sixfirhies
  34 moths of wrath
  20 salamanders
  5 iron dragon skeletons
  12 stone giant skeletons
  7 guardian serpents
  16 vault sentinels
  12 manticores
  8 dire elephant zombies
  7 apocalypse crabs
  55 black mambas
  57 smoke demons
  3 centaur zombies
  53 rust devils
  Joseph (D:7)
  2 molten gargoyles (Geh:7)
  4 titan simulacra (Coc:7)
  7 worldbinders
  10 elephants
  5 fire giant skeletons
  A cyclops (shapeshifter) (D:13)
  An eye of devastation (Slime:2)
  7 frost giant skeletons
  22 naga magi
  8 sirens
  A shock serpent zombie (Geh:7)
  5 storm dragon simulacra (Coc:7)
  A guardian serpent (shapeshifter) (Vaults:2)
  11 anaconda simulacra
  41 orange demons
  A komodo dragon (shapeshifter) (Vaults:4)
  11 efreet
  15 spiny frogs
  4 dire elephant skeletons
  An emperor scorpion zombie (Dis:2)
  A shock serpent skeleton (Pan)
  A catoblepas zombie (Tar:1)
  14 demonic crawlers
  26 hellions
  53 yaktaurs
  9 komodo dragons
  2 wandering mushrooms (Abyss:1)
  26 freezing wraiths
  A fire drake (shapeshifter) (Elf:1)
  2 kobold demonologists
  A purple draconian skeleton (Coc:3)
  3 yaktaurs (shapeshifter)
  2 jumping spiders
  A green draconian zombie (Dis:7)
  43 tormentors
  58 red devils
  5 tengu conjurers
  18 deep elf priests
  14 hydra zombies
  3 harpy zombies
  An ancient zyme (Abyss:1)
  3 silent spectres (Tar:7)
  24 blue devils
  14 trolls
  A mottled draconian skeleton (Crypt:2)
  26 merfolk
  A wind drake (shapeshifter) (Vaults:5)
  4 catoblepas skeletons
  5 harpy skeletons
  A wolf spider simulacrum (D:15)
  42 guardian mummies
  A jumping spider (shapeshifter) (Vaults:5)
  54 hellwings
  23 raiju
  112 slime creatures
  18 polar bears
  21 fire vortices (Geh:7)
  3 wind drakes
  Grinder (D:5)
  7 bog bodies
  3 fire drakes
  A satyr zombie (Crypt:2)
  A minotaur skeleton (Crypt:1)
  12 ushabtiu
  10 alligator zombies
  22 two-headed ogres
  10 hydra skeletons
  28 ravens
  A queen bee (Lair:2)
  A slime creature (shapeshifter) (Depths:2)
  A stone giant simulacrum (Vaults:3)
  5 boulder beetles
  A raiju (shapeshifter) (Vaults:2)
  A frost giant simulacrum (Crypt:1)
  5 fire dragon zombies
  8 ettin zombies
  A snapping turtle (shapeshifter) (Depths:4)
  6 redbacks
  A trapdoor spider zombie (D:11)
  11 blink frogs
  2 ice dragon zombies
  9 snapping turtles
  4 spriggan zombies
  2 centaur simulacra
  A deep troll zombie (Depths:1)
  An iron dragon simulacrum (Crypt:2)
  146 flying skulls
  A satyr skeleton (Crypt:1)
  3 fire dragon skeletons
  An alligator skeleton (Coc:7)
  16 starcursed masses
  3 trapdoor spiders
  3 black mamba zombies
  19 neqoxecs
  44 shadows
  19 vampires
  An ice dragon skeleton (Tar:4)
  2 spriggans (shapeshifter)
  A hog (shapeshifter) (D:14)
  44 wraiths
  12 basilisks
  A wyvern (D:9)
  14 fire elementals
  A human (shapeshifter) (Vaults:2)
  A basilisk (shapeshifter) (Vaults:3)
  31 ynoxinuls
  7 ettin skeletons
  A golden eye (shapeshifter) (Depths:4)
  30 water elementals
  75 yaks
  A tarantella (Depths:2)
  6 golden eyes
  A steam dragon (D:8)
  8 hungry ghosts
  42 deep elf magi
  5 mottled dragons
  A tarantella (shapeshifter) (D:14)
  A hippogriff (shapeshifter) (Vaults:2)
  18 vampire mosquitoes
  4 spatial vortices
  8 chaos spawn
  46 deep elf fighters
  31 wolves
  4 hogs (D:13)
  39 large abominations
  A naga (shapeshifter) (Elf:1)
  An insubstantial wisp (Abyss:4)
  9 hippogriffs
  A raven zombie (Crypt:2)
  6 wargs
  77 nagas
  A merfolk zombie (Crypt:1)
  9 porcupines
  A mottled dragon (shapeshifter) (Depths:1)
  6 spiny frog zombies
  An orb spider zombie (Crypt:2)
  A swamp drake (Abyss:4)
  A merfolk skeleton (Crypt:2)
  26 necrophages
  58 hell hounds
  17 water moccasins
  44 orc warriors
  7 hydra simulacra
  4 soldier ants (Lair:3)
  A deep troll skeleton (Crypt:2)
  7 eyes of draining
  5 spiders (D:10)
  7 ice beasts
  2 snapping turtle zombies
  2 black bears
  9 phantoms
  2 manticore zombies
  4 spiny frog skeletons
  An anubis guard zombie (Crypt:3)
  12 boggarts
  An ettin simulacrum (Tomb:1)
  18 crocodiles
  2 sky beasts (D:11)
  2 wasps (Depths:4)
  3 swamp dragon skeletons
  2 human skeletons (Vaults:3)
  21 centaurs
  71 ogres
  2 big kobolds
  3 brain worms (Pan)
  A draconian zombie (Crypt:3)
  A salamander simulacrum (Vaults:2)
  2 elf zombies
  20 giant frogs
  8 lost souls
  A wyvern zombie (D:10)
  2 earth elementals
  7 scorpions
  2 wyvern skeletons
  19 killer bees
  A swamp dragon simulacrum (Tomb:1)
  34 jellies
  65 wights
  A water moccasin skeleton (D:9)
  3 electric eels
  22 crimson imps
  2 elf skeletons
  9 quasits
  A wolf skeleton (Crypt:1)
  An elf simulacrum (Tomb:2)
  A lava snake (Lair:1)
  3 centaur skeletons
  3 giant frog zombies
  6 hounds
  Crazy Yiuf (D:2)
  3 giant frog skeletons
  32 orc wizards
  18 iguanas
  52 iron imps
  A hell rat (Pan)
  28 worker ants
  15 orc priests
  A lightning spire (Zig:5)
  A sky beast zombie (Crypt:3)
  12 sheep
  2 naga zombies
  A deep dwarf skeleton (Crypt:3)
  A hound zombie (D:8)
  A dwarf skeleton (Crypt:1)
  68 mummies
  3 gnolls (D:7)
  52 river rats
  25 white imps
  19 adders
  16 shadow imps
  43 ufetubi
  A sheep skeleton (Crypt:3)
  2 worms
  4 giant geckos
  249 orcs
  4 ball pythons
  A bat skeleton (D:6)
  2 bat zombies
  3 giant cockroaches
  21 hobgoblins
  4 quokkas
  23 bats
  A giant gecko zombie (D:6)
  3 giant newts
  A gnoll zombie (Crypt:1)
  30 goblins
  8 jackals
  A jackal skeleton (Crypt:3)
  30 kobolds
  A lurking horror (Abyss:1)
  2 orc zombies
  3 rats
  A rat zombie (Crypt:2)
  A spectral orc (D:6)
  6 briar patches (Abyss:4)
  6 bushes (Lair:1)
  7 crawling corpses
  A fungus (Lair:6)
  2 grand avatars (Pan)
  10 pillars of salt
  4 plants
  3 starspawn tentacles (Abyss:1)
  4 tentacles
5888 creatures vanquished.

Vanquished Creatures (collateral kills)
  2 ancient liches (Zot:5)
  Saint Roka (Vaults:4)
  4 caustic shrikes
  A tentacled monstrosity (Vaults:5)
  A quicksilver dragon (Vaults:5)
  4 sphinxes
  3 tengu reavers (Vaults:5)
  A storm dragon (Depths:4)
  A draconian monk (Zot:2)
  2 fire giants
  The ghost of Viceroy the Severer, a powerful MiFi of Xom (Snake:2)
  A draconian shifter (Depths:5)
  An orc warlord (Orc:4)
  4 frost giants
  A vault warden (Vaults:5)
  3 ironheart preservers
  6 stone giants
  5 very ugly things
  A deep elf annihilator (Vaults:5)
  A black draconian (Depths:5)
  A mottled draconian (Depths:5)
  2 ettins
  3 yaktaur captains
  4 vault guards (Vaults:4)
  An entropy weaver (Depths:4)
  A fire dragon (Depths:4)
  A death cob (Zot:1)
  A great orb of eyes (Depths:4)
  2 ice dragons (Depths:2)
  A rakshasa (Depths:1)
  An ogre mage (Vaults:4)
  A death knight (Crypt:3)
  A queen ant (shapeshifter) (Depths:2)
  3 deep troll shamans
  2 deep troll earth magi
  4 tengu warriors
  A spriggan berserker (Depths:5)
  3 hell knights
  5 deep trolls
  An iron troll (Dis:2)
  2 flayed ghosts
  2 phantasmal warriors
  4 harpies
  A deep elf conjurer (D:15)
  An ironbrand convoker (Vaults:2)
  3 wolf spiders
  A griffon (Vaults:3)
  14 ugly things
  A worldbinder (Abyss:4)
  A shining eye (shapeshifter) (Vaults:3)
  An elephant (shapeshifter) (Depths:1)
  2 guardian serpents (Zig:7)
  2 vault sentinels (Vaults:4)
  8 yaktaurs
  A spiny frog (shapeshifter) (Depths:2)
  A tengu conjurer (Depths:4)
  A guardian mummy (Tomb:2)
  A merfolk (Shoals:4)
  4 two-headed ogres
  A freezing wraith (Vaults:4)
  A fire giant simulacrum (Tomb:2)
  3 slime creatures
  6 ravens
  4 boulder beetles
  An alligator zombie (Crypt:3)
  A trapdoor spider (shapeshifter) (Depths:2)
  A raiju (Abyss:4)
  A raven (shapeshifter) (Vaults:5)
  An ushabti (Tomb:1)
  A flying skull (Tomb:1)
  A deep elf fighter (Vaults:2)
  A water elemental (Shoals:4)
  2 vampire mosquitoes
  A hungry ghost (Crypt:3)
  A deep troll skeleton (Crypt:3)
  4 orc warriors
  3 spiders (D:10)
  A boggart (D:15)
  A black bear (Depths:5)
  A manticore skeleton (Crypt:2)
  A centaur (D:15)
  2 ogres
  A wyvern skeleton (D:15)
  6 killer bees (Lair:2)
  A crimson imp (Depths:3)
  An orc priest (Vaults:4)
  A sheep (shapeshifter) (Depths:2)
  A sky beast zombie (Crypt:2)
  2 mummies
  An orc (Vaults:4)
  A kobold zombie (Tomb:2)
189 creatures vanquished.

Vanquished Creatures (others)
  2 ancient liches
  A Shadow Fiend (Pan)
  An ancient champion (Tomb:2)
  6 eldritch tentacles
  A storm dragon (Zot:5)
  A draconian knight (Zot:1)
  A draconian scorcher (Zot:1)
  A draconian shifter (Zot:4)
  2 stone giants
  An elemental wellspring (Coc:7)
  A white draconian (Zot:3)
  A blizzard demon (Coc:7)
  A quicksilver dragon zombie (Tomb:2)
  2 ice dragons
  A great orb of eyes (Depths:1)
  3 merfolk aquamancers (Shoals:4)
  An anaconda (Zig:12)
  A deep troll shaman (Depths:3)
  A rakshasa (Depths:3)
  A death knight (Abyss:4)
  2 titan skeletons
  36 death scarabs
  5 ball lightnings
  A giant orange brain (Depths:3)
  An anaconda zombie (Geh:7)
  A deep elf summoner (Vaults:2)
  2 golden dragon skeletons
  A worldbinder (Geh:7)
  A smoke demon (Pan)
  7 drowned souls
  A guardian mummy (Tomb:1)
  A fire drake (Depths:5)
  8 water elementals
  5 fire elementals
  2 hellwings (Pan)
  A polar bear (IceCv)
  3 fire vortices
  A fire dragon zombie (Dis:2)
  A raven (Depths:2)
  A black mamba zombie (Geh:7)
  A fire dragon skeleton (Geh:7)
  2 yaks (IceCv)
  4 air elementals
  2 wraiths
  5 flying skulls (Tomb:2)
  A spriggan (shapeshifter) (Vaults:5)
  A golden eye (Abyss:1)
  2 chaos spawn (Abyss:4)
  A deep elf fighter (Elf:1)
  2 humans (D:13)
  5 wolves (IceCv)
  2 nagas (Snake:3)
  A hell hound (Dis:7)
  A swamp drake (Depths:5)
  2 ice beasts
  2 ogres (Vaults:5)
  5 lost souls
  3 small abominations
  A killer bee (Lair:2)
  An orc priest (D:13)
  An orc wizard (D:13)
  9 mummies
  3 river rats
  3 orcs
  A goblin (D:1)
  A kobold skeleton (Geh:5)
  2 lurking horrors
  2 briar patches (Abyss:4)
  A bush (Lair:8)
  491 eldritch tentacle segments
  12 fungi
  94 pillars of salt
  37 plants
  24 starspawn tentacles
  353 starspawn tentacle segments
  63 tentacles
  2541 tentacle segments
3793 creatures vanquished.

Grand Total: 9870 creatures vanquished

Notes
Turn   | Place    | Note
--------------------------------------------------------------
     0 | D:1      | nubinia the Gargoyle Venom Mage began the quest for the Orb.
     0 | D:1      | Reached XP level 1. HP: 10/10 MP: 3/3
   285 | D:1      | Reached XP level 2. HP: 15/15 MP: 1/5
  1060 | D:2      | Reached XP level 3. HP: 19/19 MP: 2/6
  1065 | D:2      | Learned a level 3 spell: Mephitic Cloud
  1454 | D:2      | Reached skill level 1 in Conjurations
  1504 | D:2      | Noticed Crazy Yiuf
  1526 | D:2      | Killed Crazy Yiuf
  1526 | D:2      | Reached XP level 4. HP: 24/24 MP: 3/7
  2114 | D:3      | Reached XP level 5. HP: 14/28 MP: 2/8
  2123 | D:3      | Reached skill level 1 in Armour
  2284 | D:3      | Found a radiant altar of Vehumet.
  2285 | D:3      | Found a stormy altar of Qazlal.
  2289 | D:3      | Became a worshipper of Vehumet
  2867 | D:3      | Reached XP level 6. HP: 32/32 MP: 3/9
  2943 | D:3      | Reached skill level 5 in Conjurations
  3215 | D:3      | Acquired Vehumet's first power
  3215 | D:3      | Offered knowledge of Flame Tongue by Vehumet.
  3218 | D:3      | Learned a level 1 spell: Flame Tongue
  3948 | D:4      | Found an iron altar of Okawaru.
  4086 | D:4      | Reached XP level 7. HP: 31/36 MP: 10/10
  4242 | D:4      | Found a burning altar of Makhleb.
  4242 | D:4      | Found an ancient bone altar of Kikubaaqudgha.
  4381 | D:4      | Reached skill level 6 in Conjurations
  4598 | D:5      | Entered Level 5 of the Dungeon
  4682 | D:5      | Reached skill level 1 in Fighting
  5008 | D:5      | Found a staircase to the Ecumenical Temple.
  5025 | D:5      | Noticed Grinder
  5028 | D:5      | Paralysed by Grinder for 6 turns
  5049 | D:5      | Noticed HEYYEYAAE's ghost (average OpFi)
  5395 | D:4      | Reached skill level 1 in Maces & Flails
  5503 | D:6      | Offered knowledge of Sandblast by Vehumet.
  5506 | D:6      | Learned a level 1 spell: Sandblast
  5593 | D:6      | Reached XP level 8. HP: 40/43 MP: 8/12
  5873 | D:6      | HP: 1/44 [orc warrior/dire flail (9)]
  6200 | D:6      | Reached skill level 7 in Conjurations
  6354 | D:6      | Found a basalt altar of Yredelemnul.
  6421 | D:6      | Reached skill level 1 in Earth Magic
  7059 | D:7      | Offered knowledge of Static Discharge by Vehumet.
  7274 | D:7      | Reached XP level 9. HP: 42/49 MP: 13/15
  7362 | D:7      | Acquired Vehumet's second power
  7530 | D:7      | Noticed Joseph
  7588 | D:7      | Killed Joseph
  7819 | D:7      | Offered knowledge of Airstrike by Vehumet.
  8785 | D:5      | Killed Grinder
  8785 | D:5      | Reached skill level 5 in Spellcasting
  9039 | D:8      | Acquired Vehumet's third power
  9301 | D:8      | Found a stormy altar of Qazlal.
  9365 | D:8      | Offered knowledge of Lee's Rapid Deconstruction by Vehumet.
  9372 | D:8      | Learned a level 5 spell: Lee's Rapid Deconstruction
  9383 | D:8      | Reached skill level 5 in Earth Magic
  9414 | D:8      | Reached XP level 10. HP: 46/56 MP: 17/17
  9450 | D:8      | Reached skill level 8 in Conjurations
  9496 | D:8      | Reached skill level 1 in Air Magic
  9649 | D:8      | Found a deep blue altar of Sif Muna.
 10267 | D:9      | Noticed a cyclops
 10280 | D:9      | Reached skill level 1 in Throwing
 10280 | D:9      | Reached skill level 5 in Dodging
 10281 | D:9      | Killed a cyclops
 10509 | D:9      | Offered knowledge of Iron Shot by Vehumet.
 10572 | D:9      | Learned a level 5 spell: Iskenderun's Battlesphere
 10763 | D:9      | Upgraded the game from 0.17-a0-1105-gbe8b664 to 0.17-a0-1115-g0372368
 10790 | D:10     | Entered Level 10 of the Dungeon
 10803 | D:10     | Noticed a hill giant
 10808 | D:10     | Reached skill level 1 in Charms
 10919 | D:10     | Killed a hill giant
 11251 | D:10     | Learned a level 3 spell: Dazzling Spray
 11322 | D:10     | Reached XP level 11. HP: 60/60 MP: 20/20
 11447 | D:10     | Noticed Harold
 11480 | D:10     | Killed Harold
 11823 | D:10     | Reached skill level 1 in Shields
 11915 | D:11     | Offered knowledge of Force Lance by Vehumet.
 12056 | D:11     | Learned a level 1 spell: Magic Dart
 12381 | D:11     | Noticed a hill giant
 12439 | D:11     | Killed a hill giant
 12439 | D:11     | Reached skill level 5 in Stealth
 12439 | D:11     | Reached skill level 9 in Conjurations
 12510 | D:11     | Found a staircase to the Lair.
 12641 | D:11     | Found a staircase to the Orcish Mines.
 12891 | Lair:1   | Entered Level 1 of the Lair of Beasts
 13028 | Lair:1   | Reached skill level 5 in Shields
 13987 | Lair:1   | Reached XP level 12. HP: 43/66 MP: 19/22
 14659 | Lair:2   | Learned a level 4 spell: Force Lance
 14776 | Lair:2   | Reached skill level 1 in Translocations
 15122 | Lair:2   | Reached skill level 5 in Maces & Flails
 15622 | Lair:3   | Noticed a four-headed hydra
 15642 | Lair:3   | Killed a four-headed hydra
 15825 | Lair:2   | Reached skill level 1 in Hexes
 16145 | Lair:3   | Noticed a queen ant
 16207 | Lair:2   | Reached skill level 5 in Armour
 16310 | Lair:3   | Noticed Sonja
 16316 | Lair:3   | Killed Sonja
 16344 | Lair:3   | Found a staircase to the Snake Pit.
 16446 | Lair:3   | Reached XP level 13. HP: 72/72 MP: 2/24
 16714 | Lair:3   | Killed a queen ant
 16825 | Lair:3   | Offered knowledge of Irradiate by Vehumet.
 16970 | Lair:3   | Reached skill level 10 in Conjurations
 17480 | Lair:4   | Found a frozen archway.
 17505 | Lair:4   | Learned a level 4 spell: Control Teleport
 17509 | IceCv    | Entered an ice cave
 17839 | IceCv    | Reached skill level 5 in Fighting
 18175 | IceCv    | Offered knowledge of Orb of Destruction by Vehumet.
 18352 | IceCv    | Noticed a white draconian
 19062 | IceCv    | Identified the Volume of Conjuration and Flames
 20144 | Lair:4   | Reached skill level 10 in Shields
 20306 | Lair:5   | Found a hole to the Spider Nest.
 20582 | Lair:5   | Gained mutation: Your large and strong wings let you fly indefinitely. [Gargoyle growth]
 20582 | Lair:5   | Reached XP level 14. HP: 68/78 MP: 11/27
 21501 | Lair:6   | Found a viscous altar of Jiyva.
 21758 | Lair:6   | Found a staircase to the Slime Pits.
 21936 | Lair:6   | Reached skill level 5 in Charms
 22066 | Lair:6   | Found a staircase to the Shoals.
 22553 | Lair:7   | Reached skill level 11 in Conjurations
 23340 | Lair:8   | Entered Level 8 of the Lair of Beasts
 25199 | Lair:8   | Reached skill level 10 in Spellcasting
 25305 | Lair:8   | Identified Jychin's Volume of Self-Knowledge
 25309 | Lair:8   | Learned a level 2 spell: Shroud of Golubria
 25656 | Lair:8   | Offered knowledge of Ozocubu's Refrigeration by Vehumet.
 25656 | Lair:8   | Reached XP level 15. HP: 84/84 MP: 24/29
 26306 | Orc:1    | Entered Level 1 of the Orcish Mines
 27222 | Orc:3    | Offered knowledge of Bolt of Cold by Vehumet.
 27415 | Orc:3    | Found a staircase to the Elven Halls.
 28172 | Orc:2    | Found a roughly hewn altar of Beogh.
 28338 | Orc:2    | Offered knowledge of Conjure Ball Lightning by Vehumet.
 28378 | Orc:4    | Entered Level 4 of the Orcish Mines
 28763 | Orc:4    | Found Yvvitutu's Book Shop.
 28817 | Orc:4    | Bought a book of Geomancy for 490 gold pieces
 28820 | Orc:4    | Learned a level 2 spell: Stoneskin
 28932 | Orc:4    | Found a roughly hewn altar of Beogh.
 28951 | Orc:4    | Reached skill level 1 in Evocations
 29117 | Orc:4    | Found Livoihorit's Antique Weapon Shop.
 29129 | Orc:4    | Bought a runed mace for 78 gold pieces
 29364 | Orc:4    | Noticed Josephine
 29651 | Orc:4    | Killed Josephine
 29660 | Orc:4    | Found Winovo's Antique Armour Boutique.
 29703 | Orc:4    | Bought a pitted helmet for 190 gold pieces
 29713 | Orc:4    | Identified the +5 helmet of Spite {rElec rC- rCorr} (You bought it in a shop on level 4 of the Orcish Mines)
 29727 | Orc:4    | Bought a pair of glowing gloves for 90 gold pieces
 29983 | Orc:4    | Found Qetoff's General Store.
 30105 | Lair:3   | Reached skill level 10 in Earth Magic
 30204 | Snake:1  | Entered Level 1 of the Snake Pit
 30789 | Snake:1  | Offered knowledge of Fire Storm by Vehumet.
 30789 | Snake:1  | Offered knowledge of Shatter by Vehumet.
 30789 | Snake:1  | Offered knowledge of Tornado by Vehumet.
 31232 | Snake:1  | Noticed a greater naga
 31263 | Snake:1  | Killed a greater naga
 31263 | Snake:1  | Reached skill level 12 in Conjurations
 31598 | Snake:1  | Reached XP level 16. HP: 90/90 MP: 17/30
 31801 | Snake:1  | Found Ynitoiru's Magic Scroll Boutique.
 31804 | Snake:1  | Bought a scroll of brand weapon for 320 gold pieces
 32381 | Snake:2  | Gained mutation: You expend magic power (3 MP) to strengthen your wands. [potion of mutation]
 32381 | Snake:2  | Gained mutation: Armour fits poorly on your strangely shaped body. [potion of mutation]
 32381 | Snake:2  | Gained mutation: Potions and wands are less effective at restoring your health. [potion of mutation]
 32562 | Lair:4   | Lost mutation: Potions and wands are less effective at restoring your health. [potion of cure mutation]
 32562 | Lair:4   | Lost mutation: Armour fits poorly on your strangely shaped body. [potion of cure mutation]
 32562 | Lair:4   | Lost mutation: You expend magic power (3 MP) to strengthen your wands. [potion of cure mutation]
 32563 | Lair:4   | Gained mutation: Your mind is acute. (Int +2) [potion of beneficial mutation]
 32629 | Snake:2  | Noticed Viceroy's ghost (powerful MiFi)
 33122 | Snake:2  | Killed Viceroy's ghost
 34210 | Snake:3  | Noticed Aizul
 34459 | Snake:3  | Killed Aizul
 34565 | Snake:3  | Identified a scroll of acquirement
 34567 | Snake:3  | Got a blackened cloak
 34578 | Snake:3  | Identified the +2 cloak of Chill Winds {+Blink rC+ rCorr Slay+3} (You acquired it on level 3 of the Snake Pit)
 34930 | Snake:3  | Noticed Vashnia
 35337 | Snake:3  | Noticed Mara
 35434 | Snake:4  | Entered Level 4 of the Snake Pit
 35609 | Snake:4  | Reached skill level 5 in Evocations
 35841 | Snake:4  | Reached XP level 17. HP: 91/95 MP: 32/32
 35947 | Snake:4  | Found Noriofeo's Book Boutique.
 36552 | Snake:4  | Reached skill level 13 in Conjurations
 36962 | Snake:4  | Reached skill level 5 in Hexes
 37904 | Snake:4  | Got a serpentine rune of Zot
 38516 | Shoals:1 | Entered Level 1 of the Shoals
 39187 | Snake:4  | Gained mutation: You are weak. (Str -2) [potion of mutation]
 39187 | Snake:4  | Lost mutation: You are weak. (Str -2) [potion of mutation]
 39187 | Snake:4  | Gained mutation: You are clumsy. (Dex -2) [potion of mutation]
 40315 | Shoals:2 | Reached skill level 5 in Translocations
 40696 | Shoals:2 | Reached XP level 18. HP: 101/101 MP: 34/34
 40756 | Shoals:2 | Reached skill level 14 in Conjurations
 42360 | Shoals:3 | Upgraded the game from 0.17-a0-1115-g0372368 to 0.17-a0-1129-g5854844
 42532 | Shoals:4 | Entered Level 4 of the Shoals
 43259 | Shoals:4 | Got a steaming bone ring
 43261 | Shoals:4 | Identified the ring "Muchuen" {rC+ MP+9 Str+3 Dex+4 Stlth+} (You took it off a merfolk on level 4 of the Shoals)
 43692 | Shoals:4 | Identified a +0 rod of the swarm (10/10) (You found it on level 4 of the Shoals)
 44304 | Shoals:4 | Noticed Ilsuiw
 44610 | Shoals:4 | Got a faintly glowing robe
 44621 | Shoals:4 | Identified the +1 robe "Wuicw" {Str+4} (You found it on level 4 of the Shoals)
 44713 | Shoals:4 | Killed Ilsuiw
 44941 | Shoals:4 | Got a barnacled rune of Zot
 45024 | Shoals:3 | Reached XP level 19. HP: 107/107 MP: 36/36
 45289 | Lair:4   | Learned a level 4 spell: Iskenderun's Mystic Blast
 45294 | Lair:4   | Learned a level 4 spell: Olgreb's Toxic Radiance
 45298 | Lair:4   | Learned a level 3 spell: Gell's Gravitas
 46643 | D:13     | Noticed Snorg
 46648 | D:13     | Killed Snorg
 46879 | D:13     | Noticed Kirke
 46915 | D:13     | Killed Kirke
 47602 | Orc:4    | Bought a +2 robe of resistance for 490 gold pieces
 47762 | D:13     | Found a shimmering altar of Xom.
 48215 | D:13     | Found a gate to the Vaults.
 48261 | D:13     | Noticed Urug
 48268 | D:13     | Killed Urug
 48710 | Vaults:1 | Entered Level 1 of the Vaults
 48778 | Vaults:1 | Gained mutation: Your flesh is cold resistant. [mutagenic meat]
 48779 | Vaults:1 | Gained mutation: You have a pair of small antennae on your head. [mutagenic meat]
 48780 | Vaults:1 | Gained mutation: You are partially covered in yellow scales (AC +2). [mutagenic meat]
 48873 | Vaults:1 | Reached skill level 15 in Conjurations
 49030 | Vaults:1 | Noticed Asterion
 49304 | Vaults:1 | Killed Asterion
 49752 | Vaults:1 | Found a portal to a secret trove of treasure.
 50342 | Vaults:1 | Found an ancient bone altar of Kikubaaqudgha.
 50791 | Vaults:2 | Noticed Frederick
 50805 | Vaults:2 | Killed Frederick
 51304 | Vaults:2 | Found Niotily's Magic Scroll Boutique.
 51379 | Vaults:2 | Found Cupih's Food Shoppe.
 51611 | Vaults:2 | Noticed Jorgrun
 51629 | Vaults:2 | Killed Jorgrun
 51629 | Vaults:2 | Reached skill level 10 in Stealth
 51629 | Vaults:2 | Reached XP level 20. HP: 99/114 MP: 28/38
 51897 | Vaults:2 | Found Vuxenyek's Magic Scroll Shoppe.
 51905 | Vaults:2 | Bought a scroll of enchant weapon for 75 gold pieces
 51905 | Vaults:2 | Bought a scroll of enchant weapon for 75 gold pieces
 52255 | Vaults:2 | Found Alyishragu's Assorted Antiques.
 52259 | Vaults:2 | Bought an encrusted diamond ring for 160 gold pieces
 52259 | Vaults:2 | Bought a tubular wooden ring for 160 gold pieces
 52259 | Vaults:2 | Bought a dyed leather armour for 64 gold pieces
 52301 | Vaults:2 | Bought a golden ring for 160 gold pieces
 52706 | Orc:4    | Bought a shiny ring mail for 80 gold pieces
 52798 | Elf:1    | Entered Level 1 of the Elven Halls
 54186 | Elf:2    | Found a runed gate.
 54186 | Elf:2    | Found a runed gate.
 54187 | Elf:2    | Found a runed gate.
 54840 | Elf:2    | Reached skill level 10 in Maces & Flails
 55466 | Elf:3    | Entered Level 3 of the Elven Halls
 55654 | Elf:3    | Reached skill level 16 in Conjurations
 55872 | Elf:3    | Reached skill level 1 in Transmutations
 55938 | Elf:3    | Found Mithricie's General Store.
 55960 | Elf:3    | Learned a level 1 spell: Apportation
 55962 | Elf:3    | Learned a level 1 spell: Animate Skeleton
 56417 | Elf:3    | Reached skill level 15 in Spellcasting
 56773 | Elf:3    | Reached XP level 21. HP: 119/119 MP: 40/40
 56931 | Elf:3    | Got a clouded amber ring
 56933 | Elf:3    | Identified the ring "Lejemal" {Str+3 Dex+2 SInv} (You took it off a deep elf sorcerer on level 3 of the Elven Halls)
 57217 | Elf:3    | Got a polished spear
 57218 | Elf:3    | Identified the +10 spear "Ilitakec" {freeze, rElec Str+5} (You found it on level 3 of the Elven Halls)
 57308 | Elf:3    | Learned a level 5 spell: Phase Shift
 57485 | Orc:3    | Upgraded the game from 0.17-a0-1129-g5854844 to 0.17-a0-1133-gfb1399f
 59135 | Vaults:2 | Found a staircase to the Crypt.
 59135 | Vaults:2 | Found a basalt altar of Yredelemnul.
 59136 | Vaults:2 | Found an ancient bone altar of Kikubaaqudgha.
 59245 | Vaults:3 | Found Sias's Assorted Antiques.
 59525 | Vaults:3 | Learned a level 2 spell: Blink
 59822 | Vaults:3 | Gained mutation: You tend to lose your temper in combat. [a shining eye]
 61543 | Vaults:4 | Reached XP level 22. HP: 125/125 MP: 41/41
 61605 | Vaults:4 | Noticed Saint Roka
 61618 | Vaults:4 | Killed Saint Roka
 61690 | Vaults:4 | Reached skill level 1 in Necromancy
 61778 | Vaults:4 | Your ally Saint Roka died
 62276 | Vaults:4 | Reached skill level 17 in Conjurations
 62375 | Vaults:4 | Got a bound amber ring
 62377 | Vaults:4 | Identified the cursed ring "Kofoelo" {Str-3 Int+3 Dex+3 Slay+5} (You found it on level 4 of the Vaults)
 62434 | Vaults:4 | Found Naasuiwn's Food Boutique.
 62818 | Crypt:1  | Entered Level 1 of the Crypt
 63640 | Crypt:1  | Noticed Margery
 63662 | Crypt:1  | Killed Margery
 63874 | Crypt:1  | Your ally Margery died
 64535 | Crypt:2  | Noticed Mennas
 64540 | Crypt:2  | Noticed Sojobo
 65015 | Crypt:2  | Reached skill level 10 in Dodging
 65025 | Crypt:2  | Killed Sojobo
 66152 | Crypt:3  | Entered Level 3 of the Crypt
 66181 | Crypt:3  | Found a staircase to the Tomb.
 66376 | Crypt:3  | Noticed a curse toe
 66382 | Crypt:3  | Reached skill level 15 in Shields
 66936 | Crypt:3  | Reached XP level 23. HP: 122/130 MP: 43/43
 67403 | Crypt:3  | Got a crude long sword
 67404 | Crypt:3  | Identified the cursed +2 long sword of Hoygits {freeze, +Rage rF+ rC+ MR+} (You found it on level 3 of the Crypt)
 67863 | Crypt:3  | Noticed an ancient lich
 67863 | Crypt:3  | Noticed an ancient lich
 67896 | Crypt:3  | Killed an ancient lich
 67908 | Crypt:3  | Identified the Guide on Dark Rites and Enhancements (You found it on level 3 of the Crypt)
 67911 | Crypt:3  | Got a shimmering diamond amulet
 67913 | Crypt:3  | Identified the amulet of the Townfolk {rMut rN+ Slay+2} (You found it on level 3 of the Crypt)
 68058 | Crypt:3  | Killed an ancient lich
 68485 | D:14     | Noticed Louise
 68495 | D:14     | Killed Louise
 68695 | D:14     | Your ally Louise died
 69080 | D:14     | Found a large runed door.
 69080 | D:14     | Found a large runed door.
 69543 | D:15     | Entered Level 15 of the Dungeon
 69773 | D:15     | Found a shimmering altar of Xom.
 70029 | Vaults:2 | Bought a scroll of enchant armour for 135 gold pieces
 70528 | Vaults:1 | You paid a toll of a +4 fire dragon armour to enter a treasure trove
 70529 | Trove    | Entered a treasure trove
 70556 | Trove    | Got an encrusted ring mail
 70562 | Trove    | Identified the +2 ring mail "Tiocki" {rElec MP+9 Int+4} (You found it in a treasure trove)
 70563 | Trove    | Got a pair of brightly glowing gloves
 70574 | Trove    | Identified the cursed +0 pair of gloves of Galoast {rPois Regen+ Dex+2 Slay-4} (You found it in a treasure trove)
 70625 | Trove    | Got a pair of dazzling boots
 70636 | Trove    | Identified the +0 pair of boots "Beoj" {+Blink MR+ Str-4} (You found it in a treasure trove)
 70784 | Vaults:2 | Learned a level 3 spell: Recall
 71025 | D:14     | Learned a level 5 spell: Fireball
 71366 | D:15     | Found a staircase to the Depths.
 71376 | Depths:1 | Entered Level 1 of the Depths
 72079 | Depths:1 | Found a one-way gate leading to the halls of Pandemonium.
 72147 | Depths:1 | Got a fine whip
 72148 | Depths:1 | Identified the +4 whip "Juytt" {speed, *Rage rC+ Str+3} (You took it off a yaktaur captain on level 1 of the Depths)
 72211 | Depths:1 | Found a gateway to Hell.
 72394 | Depths:1 | Reached skill level 18 in Conjurations
 72612 | Depths:2 | Found a gateway to a ziggurat.
 72960 | Depths:2 | Reached XP level 24. HP: 136/136 MP: 44/44
 73216 | Depths:2 | Reached skill level 10 in Fighting
 73630 | Depths:1 | Reached skill level 1 in Fire Magic
 74934 | Depths:2 | Reached skill level 10 in Armour
 75671 | Depths:3 | Gained mutation: Your muscles are strong. (Str +2) [potion of beneficial mutation]
 75831 | Depths:3 | Found a one-way gate to the infinite horrors of the Abyss.
 76416 | Depths:4 | Found Peluk's Quality Used Wands.
 77091 | Depths:4 | Reached XP level 25. HP: 143/143 MP: 45/45
 77632 | Depths:4 | Got a translucent marble ring
 77634 | Depths:4 | Identified the ring "Guilec" {-Tele rElec rC+ Int+3} (You found it on level 4 of the Depths)
 77644 | Depths:4 | Identified Sif Muna's Papyrus of Poisonous Transmigration
 77647 | Depths:4 | Got a smoking spear
 77648 | Depths:4 | Identified the cursed +1 spear "Cimmeos" {venom, MP+9 Dex+6} (You found it on level 4 of the Depths)
 77832 | Depths:5 | Entered Level 5 of the Depths
 78286 | Depths:5 | Found Imaorex's General Store.
 78650 | Depths:5 | Found a gate to the Realm of Zot.
 78878 | Depths:5 | Noticed Boris
 78920 | Depths:5 | Killed Boris
 79570 | Depths:2 | Reached skill level 19 in Conjurations
 80488 | Vaults:5 | Entered Level 5 of the Vaults
 80969 | Vaults:5 | Reached XP level 26. HP: 115/151 MP: 38/45
 80973 | Vaults:5 | Got an ichor-stained ring mail
 80974 | Vaults:5 | Identified the +1 ring mail of the Sky {+Inv +Fly rN++} (You found it on level 5 of the Vaults)
 81083 | Vaults:5 | Got a crude hunting sling
 81084 | Vaults:5 | Identified the +6 hunting sling of Gluttony {speed, +Inv Str+4} (You found it on level 5 of the Vaults)
 81089 | Vaults:5 | Got a smoking trident
 81090 | Vaults:5 | Identified the +4 trident "Hyasm" {freeze, Str+2} (You found it on level 5 of the Vaults)
 81627 | Vaults:4 | Reached skill level 10 in Translocations
 83647 | Vaults:5 | Got a pitted shield
 83649 | Vaults:5 | Identified the +4 shield of Incorporation {rN+ Dex+5} (You took it off a tengu reaver on level 5 of the Vaults)
 83881 | Vaults:5 | Noticed an ancient lich
 83907 | Vaults:5 | Killed an ancient lich
 84214 | Vaults:5 | Reached XP level 27. HP: 157/157 MP: 43/46
 84239 | Vaults:5 | Got a silver rune of Zot
 84246 | Vaults:5 | Learned a level 3 spell: Passwall
 85155 | Vaults:5 | Upgraded the game from 0.17-a0-1133-gfb1399f to 0.17-a0-1141-g3e25b61
 85549 | Lair:1   | Learned a level 4 spell: Sticky Flame
 85694 | Slime:1  | Entered Level 1 of the Pits of Slime
 85698 | Slime:1  | Gained mutation: You are frail (-10% HP). [a shining eye]
 86429 | Slime:6  | Entered Level 6 of the Pits of Slime
 86630 | Slime:6  | Noticed Dissolution
 86812 | Slime:6  | Noticed the royal jelly
 87638 | Slime:2  | Reached skill level 10 in Hexes
 88224 | Slime:5  | Reached skill level 20 in Conjurations
 88677 | Slime:6  | Found a viscous altar of Jiyva.
 88948 | Slime:6  | Got a crude war axe
 88949 | Slime:6  | Identified the +5 war axe of Optimality {drain, +Rage rF+ Int+3 Dex+3} (You found it on level 6 of the Pits of Slime)
 89029 | Slime:6  | Got a slimy rune of Zot
 89075 | Slime:6  | Got a warped whip
 89076 | Slime:6  | Identified the +0 whip of Abomination {flame, *Rage MR++} (You found it on level 6 of the Pits of Slime)
 89166 | Slime:5  | Identified a +2 rod of clouds (14/14) (You found it on level 6 of the Pits of Slime)
 89708 | Zot:1    | Entered Level 1 of the Realm of Zot
 90464 | Zot:1    | Reached skill level 5 in Necromancy
 91883 | Zot:2    | Noticed an orb of fire
 93673 | Orc:4    | Bought a book of Death for 980 gold pieces
 93679 | Orc:4    | Learned a level 5 spell: Bolt of Draining
 94137 | Depths:3 | Voluntarily entered the Abyss.
 94406 | Abyss:5  | Entered Level 5 of the Abyss
 94429 | Abyss:5  | Learned a level 3 spell: Regeneration
 94476 | Depths:3 | Escaped the Abyss
 94496 | Depths:3 | Voluntarily entered the Abyss.
 94540 | Abyss:1  | Found a corrupted altar of Lugonu.
 94708 | Abyss:3  | Found a glowing golden altar of the Shining One.
 94709 | Abyss:3  | Found a basalt altar of Yredelemnul.
 94947 | Abyss:4  | Found a viscous altar of Jiyva.
 94964 | Abyss:4  | Found a viscous altar of Jiyva.
 95055 | Abyss:4  | Paralysed by a chaos spawn for 3 turns
 95108 | Abyss:4  | Found a corrupted altar of Lugonu.
 95204 | Abyss:4  | Noticed an ancient lich
 95253 | Abyss:4  | Got an abyssal rune of Zot
 95254 | Abyss:4  | Paralysed by accursed screaming for 1 turns
 95508 | Depths:3 | Escaped the Abyss
 95855 | Depths:2 | Found a gateway to a ziggurat.
 95912 | Hell     | Entered the Vestibule of Hell
 95912 | Hell     | Noticed Geryon
 96684 | Lair:1   | Learned a level 2 spell: Swiftness
 96687 | Lair:1   | Learned a level 2 spell: Repel Missiles
 97059 | Tomb:1   | Entered Level 1 of the Tomb of the Ancients
 97465 | Tomb:1   | Reached skill level 21 in Conjurations
 98434 | Tomb:1   | Upgraded the game from 0.17-a0-1141-g3e25b61 to 0.17-a0-1150-g17b0b87
 99010 | Tomb:1   | Reached skill level 5 in Fire Magic
100623 | Tomb:1   | Noticed an ancient lich
100838 | Tomb:1   | Killed an ancient lich
100937 | Tomb:2   | Noticed Khufu
102947 | Tomb:1   | Reached skill level 15 in Earth Magic
103683 | Tomb:1   | Reached skill level 22 in Conjurations
106722 | Tomb:2   | Killed Khufu
106988 | Tomb:3   | Entered Level 3 of the Tomb of the Ancients
110492 | Tomb:2   | Reached skill level 15 in Maces & Flails
110871 | Tomb:3   | Got a flickering lapis lazuli ring
110873 | Tomb:3   | Identified the ring of Qocawk {+Fly rPois Str+3} (You found it on level 3 of the Tomb of the Ancients)
110882 | Tomb:3   | Identified Teygeco's Papyrus of Execration and the Traveller
110949 | Tomb:3   | Got a transparent hand crossbow
110950 | Tomb:3   | Identified the +4 hand crossbow "Guhassom" {velocity, Str+2 Dex+3 SInv} (You found it on level 3 of the Tomb of the Ancients)
110988 | Tomb:3   | Got a golden rune of Zot
111042 | Tomb:3   | Identified the Disquisition on Air
111096 | Tomb:3   | Got a shimmering blowgun
111097 | Tomb:3   | Identified the cursed +3 blowgun of Cheibriados's Reproof {evade, MP+9 Str+2} (You found it on level 3 of the Tomb of the Ancients)
111791 | Temple   | Entered the Ecumenical Temple
111847 | Temple   | Fell from the grace of Vehumet
111847 | Temple   | Became a worshipper of Zin the Law-Giver
111847 | Temple   | Acquired Zin's first power
111847 | Temple   | Acquired Zin's second power
111848 | Temple   | Donated 3142 gold pieces to Zin
111870 | Temple   | Acquired Zin's third power
112110 | D:13     | Acquired Zin's fourth power
112753 | Snake:4  | Bought a book of Power for 630 gold pieces
112759 | Snake:4  | Learned a level 5 spell: Bolt of Magma
113707 | Depths:2 | Reached skill level 1 in Invocations
115248 | Depths:1 | Learned a level 4 spell: Iskenderun's Mystic Blast
115253 | Pan      | Entered Pandemonium
115509 | Pan      | Found an exit through the horrors of the Abyss.
115567 | Pan      | Reached skill level 5 in Invocations
115743 | Pan      | Noticed Ziggugho the pandemonium lord
115750 | Pan      | Noticed Moga Mimu the pandemonium lord
116831 | Pan      | Found an exit through the horrors of the Abyss.
116996 | Pan      | Took an exit into the Abyss.
116996 | Abyss:1  | Escaped into the Abyss
116998 | Abyss:1  | Got a pair of faintly glowing gloves
117005 | Depths:1 | Escaped the Abyss
117033 | Depths:1 | Identified the +5 pair of gloves of Fympac {Str+7 Dex-3 Stlth+} (You found it on level 1 of the Abyss)
118579 | Zot:2    | Killed an orb of fire
120191 | Zot:2    | Reached skill level 23 in Conjurations
120835 | Zot:3    | Reached skill level 10 in Invocations
121079 | Zot:1    | Upgraded the game from 0.17-a0-1150-g17b0b87 to 0.17-a0-1164-g0ba867e
121255 | Zot:3    | Noticed an orb of fire
122043 | Zot:4    | Got an encrusted trident
122044 | Zot:4    | Identified the +7 trident of the Countless Dances {pierce, *Drain rElec Str+4 Dex+7} (You found it on level 4 of the Realm of Zot)
122791 | Zot:4    | Was forgiven by Vehumet
124090 | Zig:1    | Entered Level 1 of a ziggurat
124138 | Zig:2    | Entered Level 2 of a ziggurat
124258 | Zig:3    | Entered Level 3 of a ziggurat
124278 | Zig:3    | Identified the Papyrus of Unholy Rituals
124284 | Zig:3    | Got a bloodstained trident
124285 | Zig:3    | Identified the +11 trident of Elouffi {elec, +Fly rF- rN+ MR+++} (You found it on level 3 of a ziggurat)
124373 | Zig:4    | Entered Level 4 of a ziggurat
124492 | Zig:4    | Got a crude chain mail
124503 | Zig:4    | Identified the +5 chain mail of Life {rN+ Regen+ Str+4} (You found it on level 4 of a ziggurat)
124588 | Zig:5    | Entered Level 5 of a ziggurat
124671 | Zig:5    | Got a bloodstained trident
124672 | Zig:5    | Identified the +3 trident "Uqily" {pierce, +Inv rPois MR++ Stlth-} (You found it on level 5 of a ziggurat)
124712 | Zig:6    | Entered Level 6 of a ziggurat
124812 | Zig:6    | Got a slimy turquoise ring
124815 | Zig:6    | Identified Roxanne's Collected Works on Earthen Shape Shifting
124922 | Zig:7    | Entered Level 7 of a ziggurat
125014 | Zig:7    | Identified the ring of Gocuummu {rElec rPois Str+4} (You found it on level 6 of a ziggurat)
125085 | Zig:8    | Entered Level 8 of a ziggurat
125101 | Zig:8    | Noticed Yhoih the pandemonium lord
125127 | Zig:8    | Got a pair of slimy boots
125141 | Depths:2 | Identified the +1 pair of boots "Niaruroq" {rF- Str+6 Dex+3 Stlth+} (You found it on level 8 of a ziggurat)
125151 | Depths:2 | Lost mutation: Your mind is acute. (Int +2) [potion of cure mutation]
125151 | Depths:2 | Lost mutation: You have a pair of small antennae on your head. [potion of cure mutation]
125151 | Depths:2 | Lost mutation: Your muscles are strong. (Str +2) [potion of cure mutation]
125458 | Lair:1   | Lost mutation: You are clumsy. (Dex -2) [potion of cure mutation]
125458 | Lair:1   | Lost mutation: You are frail (-10% HP). [potion of cure mutation]
125458 | Lair:1   | Lost mutation: You tend to lose your temper in combat. [potion of cure mutation]
125458 | Lair:1   | Lost mutation: You are partially covered in yellow scales (AC +2). [potion of cure mutation]
125669 | Temple   | Fell from the grace of Zin
125669 | Temple   | Became a worshipper of the Shining One
125669 | Temple   | Acquired the Shining One's first power
125669 | Temple   | Acquired the Shining One's second power
126250 | Vaults:5 | Gained mutation: You are frail (-10% HP). [potion of mutation]
126250 | Vaults:5 | Gained mutation: You have sharp toenails. [potion of mutation]
126250 | Vaults:5 | Gained mutation: You have supernaturally acute eyesight. [potion of mutation]
126313 | Vaults:5 | Gained mutation: You can breathe flames. [potion of mutation]
126313 | Vaults:5 | Lost mutation: You have supernaturally acute eyesight. [potion of mutation]
126313 | Vaults:5 | Gained mutation: Your flesh is heat resistant. [potion of mutation]
126783 | Temple   | Fell from the grace of the Shining One
126783 | Temple   | Became a worshipper of Zin the Law-Giver
126784 | Temple   | Donated 1427 gold pieces to Zin
127114 | Pan      | Entered the realm of Cerebov.
127114 | Pan      | Entered Pandemonium
127631 | Pan      | Reached skill level 15 in Stealth
128148 | Pan      | Got a shimmering shield
128149 | Pan      | Identified the cursed -3 shield of Experimentation {-Tele rElec rC+ Int+5} (You took it off a balrug in Pandemonium)
128178 | Pan      | Got a faintly glowing halberd
128179 | Pan      | Identified the +6 halberd of Bodily Harmony {venom, Str+7 Int-3} (You took it off a balrug in Pandemonium)
128274 | Pan      | Found an exit through the horrors of the Abyss.
128516 | Pan      | Got a translucent bronze amulet
128517 | Pan      | Got a dazzling scimitar
128534 | Pan      | Identified the +6 scimitar of the Sea {venom, MR+ MP+9} (You took it off a balrug in Pandemonium)
128536 | Pan      | Identified the amulet "Trusted Companion" {Gourm MP+9} (You took it off a balrug in Pandemonium)
128830 | Pan      | Noticed Cerebov
128954 | Pan      | Learned a level 6 spell: Bolt of Cold
128960 | Pan      | Got a pitted hand axe
128961 | Pan      | Identified the cursed +1 hand axe of Dried Tears {antimagic, Stlth+} (You found it in Pandemonium)
129249 | Pan      | Got a dazzling dagger
129250 | Pan      | Identified the +4 dagger of the Special Wonders {speed, rPois rF+ Str+3 Dex+4} (You found it in Pandemonium)
129305 | Pan      | Got a fiery rune of Zot
129444 | Pan      | Took an exit into the Abyss.
129444 | Abyss:1  | Escaped into the Abyss
129537 | Abyss:1  | Reached skill level 10 in Fire Magic
130390 | Abyss:1  | Paralysed by you for 6 turns
130400 | Abyss:1  | Paralysed by you for 5 turns
130440 | Abyss:1  | Gained mutation: Scrolls take you a little longer to read. [mutagenic glow]
130457 | Abyss:1  | Found a corrupted altar of Lugonu.
130554 | Abyss:1  | Gained mutation: Your body sometimes deteriorates upon taking damage. [mutagenic glow]
130772 | Abyss:1  | Got a dazzling leather armour
131179 | Depths:1 | Escaped the Abyss
131463 | Lair:1   | Received a gift from Zin
131463 | Lair:1   | Lost mutation: You have sharp toenails. [Zin's power]
131463 | Lair:1   | Lost mutation: Scrolls take you a little longer to read. [Zin's power]
131463 | Lair:1   | Lost mutation: You can breathe flames. [Zin's power]
131463 | Lair:1   | Lost mutation: Your flesh is cold resistant. [Zin's power]
131463 | Lair:1   | Lost mutation: Your body sometimes deteriorates upon taking damage. [Zin's power]
131463 | Lair:1   | Lost mutation: Your flesh is heat resistant. [Zin's power]
131463 | Lair:1   | Lost mutation: You are frail (-10% HP). [Zin's power]
131797 | Depths:1 | Identified the cursed +0 leather armour of Parts Unknown {+Blink rF+ Int-5 Slay+4} (You found it on level 1 of the Abyss)
132416 | Hell     | Killed Geryon
132636 | Hell     | Found a gateway to the Iron City of Dis.
132958 | Hell     | Found a gateway to the ashen valley of Gehenna.
133112 | Hell     | Found a gateway to the decaying netherworld of Tartarus.
133174 | Hell     | Reached skill level 1 in Ice Magic
133320 | Hell     | Found a gateway to the freezing wastes of Cocytus.
133407 | Dis:1    | Entered Level 1 of the Iron City of Dis
135315 | Dis:2    | Reached skill level 5 in Ice Magic
135651 | Dis:3    | Reached skill level 24 in Conjurations
136721 | Dis:7    | Entered Level 7 of the Iron City of Dis
137496 | Dis:7    | Reached skill level 15 in Fighting
138780 | Dis:7    | Noticed Dispater
139736 | Dis:7    | Got an iron rune of Zot
139738 | Dis:7    | Got a smoking cloak
139771 | Dis:7    | Identified the +0 cloak "Oquaras" {rC+++ Str+2 Int-5 Slay-4} (You found it on level 7 of the Iron City of Dis)
139829 | Tar:1    | Entered Level 1 of Tartarus
141983 | Tar:7    | Entered Level 7 of Tartarus
142443 | Tar:7    | Upgraded the game from 0.17-a0-1164-g0ba867e to 0.17-a0-1174-ge06b3cc
142984 | Tar:7    | Learned a level 4 spell: Cause Fear
143446 | Tar:7    | Reached skill level 10 in Evocations
143453 | Tar:7    | Noticed Ereshkigal
143791 | Tar:7    | Got a bone rune of Zot
143899 | Coc:1    | Entered Level 1 of Cocytus
144643 | Coc:3    | Reached skill level 15 in Armour
144779 | Coc:7    | Entered Level 7 of Cocytus
146438 | Coc:7    | Noticed Antaeus
146586 | Coc:7    | Got an icy rune of Zot
146588 | Coc:7    | Got a shimmering dagger
146648 | Hell     | Identified the cursed +2 dagger of the Hawk {pierce, Int+3} (You found it on level 7 of Cocytus)
147305 | Geh:1    | Entered Level 1 of Gehenna
148774 | Geh:7    | Entered Level 7 of Gehenna
150736 | Geh:7    | Noticed the Serpent of Hell
150740 | Geh:7    | Upgraded the game from 0.17-a0-1174-ge06b3cc to 0.17-a0-1176-g3d5a0d0
150753 | Geh:7    | Killed the Serpent of Hell
151379 | Geh:7    | Reached skill level 10 in Ice Magic
151582 | Geh:7    | Got a transparent ruby amulet
151896 | Geh:7    | Noticed Asmodeus
151914 | Geh:7    | Got an obsidian rune of Zot
151942 | Hell     | Identified the amulet of the Imp {Gourm rC+ Slay+3} (You took it off a vampire on level 7 of Gehenna)
152176 | Pan      | Entered Pandemonium
152209 | Pan      | Noticed Fythrimpi the pandemonium lord
152225 | Pan      | Found an exit through the horrors of the Abyss.
152236 | Pan      | Took an exit into the Abyss.
152236 | Abyss:1  | Escaped into the Abyss
152244 | Depths:1 | Escaped the Abyss
152370 | Pan      | Entered Pandemonium
152588 | Pan      | Noticed Xiehauf the pandemonium lord
152837 | Pan      | Reached skill level 25 in Conjurations
152893 | Pan      | Noticed Berousk the pandemonium lord
153017 | Pan      | Found an exit through the horrors of the Abyss.
153280 | Pan      | Reached skill level 15 in Invocations
153325 | Pan      | Found an exit through the horrors of the Abyss.
153513 | Pan      | Noticed Jaus Cig the pandemonium lord
153585 | Pan      | Entered the realm of Lom Lobon.
153797 | Pan      | Found an exit through the horrors of the Abyss.
154452 | Pan      | Noticed Lom Lobon
154768 | Pan      | Got a magical rune of Zot
155031 | Pan      | Entered the realm of Gloorx Vloq.
155093 | Pan      | Found an exit through the horrors of the Abyss.
155662 | Pan      | Reached skill level 15 in Dodging
155909 | Pan      | Noticed Gloorx Vloq
155921 | Pan      | Got a dark rune of Zot
156049 | Pan      | Entered the realm of Mnoleg.
156503 | Pan      | Noticed Mnoleg
156657 | Pan      | Got a glowing rune of Zot
156657 | Pan      | Paralysed by a giant eyeball for 2 turns
156787 | Pan      | Noticed Mnoleg
156821 | Pan      | Found an exit through the horrors of the Abyss.
157019 | Pan      | Found a glowing silver altar of Zin.
157050 | Pan      | Found a glowing golden altar of the Shining One.
157055 | Pan      | Noticed a seraph
157453 | Pan      | Noticed Mnoleg
157504 | Pan      | Noticed Gloorx Vloq
157548 | Pan      | Noticed Vongu the pandemonium lord
157934 | Pan      | Killed Gloorx Vloq
158193 | Pan      | Found an exit through the horrors of the Abyss.
158214 | Pan      | Killed Vongu the pandemonium lord
159958 | Pan      | Gained mutation: Your magical capacity is low (-10% MP). [a cacodemon]
160259 | Pan      | Found a gateway to a ziggurat.
160300 | Pan      | Noticed an ancient lich
160301 | Pan      | Noticed an ancient lich
160309 | Pan      | Killed an ancient lich
160318 | Pan      | Killed an ancient lich
160331 | Zig:1    | Entered Level 1 of a ziggurat
160450 | Zig:2    | Entered Level 2 of a ziggurat
160467 | Zig:2    | Got a distressingly furry robe
160478 | Zig:2    | Identified the cursed +1 robe "Anuvod" {rF+ Str-3 Int+3 SInv} (You found it on level 2 of a ziggurat)
160530 | Zig:3    | Entered Level 3 of a ziggurat
160597 | Zig:4    | Entered Level 4 of a ziggurat
160679 | Zig:5    | Entered Level 5 of a ziggurat
160858 | Zig:6    | Entered Level 6 of a ziggurat
161081 | Zig:6    | Identified the Catalogue of Bewitching Unholy Rites (You found it on level 6 of a ziggurat)
161083 | Zig:6    | Got a bloodstained war axe
161084 | Zig:6    | Identified the +7 war axe "Xocaatum" {holy, *Noise Str+6} (You found it on level 6 of a ziggurat)
161087 | Zig:6    | Lost mutation: Your magical capacity is low (-10% MP). [potion of cure mutation]
161132 | Zig:7    | Entered Level 7 of a ziggurat
161482 | Zig:7    | Got a shimmering silver ring
161492 | Zig:7    | Identified the ring "Giepijupt" {Wiz Int+4} (You found it on level 7 of a ziggurat)
161496 | Zig:7    | Got a scintillating turquoise ring
161497 | Zig:7    | Identified the ring "Bucrebri" {+/*Tele +Blink +Inv} (You found it on level 7 of a ziggurat)
161505 | Zig:8    | Entered Level 8 of a ziggurat
161649 | Zig:8    | Got a bloodstained cloak
161660 | Zig:8    | Identified the +1 cloak "Jipluemu" {rPois MP+9} (You acquired it on level 8 of a ziggurat)
161666 | Zig:8    | Got a jewelled cloak
161672 | Zig:8    | Identified the -5 cloak of Ilaicw {rC+ rN++ Str+4 SInv} (You acquired it on level 8 of a ziggurat)
161693 | Zig:9    | Entered Level 9 of a ziggurat
161943 | Zig:9    | Got a jewelled ring mail
161954 | Zig:9    | Identified the cursed +1 ring mail of Kaharphe {rElec SInv} (You found it on level 9 of a ziggurat)
161964 | Zig:9    | Got a pitted leather armour
161970 | Zig:9    | Identified the +1 leather armour of Eshib {rElec rN+ Int-2} (You found it on level 9 of a ziggurat)
161983 | Zig:10   | Entered Level 10 of a ziggurat
162043 | Zig:10   | Paralysed by accursed screaming for 2 turns
162047 | Zig:10   | Paralysed by accursed screaming for 2 turns
162079 | Zig:11   | Entered Level 11 of a ziggurat
162461 | Zig:12   | Entered Level 12 of a ziggurat
162894 | Zig:12   | Got an iridescent war axe
162895 | Zig:12   | Identified the +8 war axe of Gehenna {chop, rN+} (You found it on level 12 of a ziggurat)
162898 | Zig:12   | Got a brightly glowing jade ring
162900 | Zig:12   | Identified the ring "Abath" {-Tele Int+7 Dex+6 Stlth+} (You found it on level 12 of a ziggurat)
162906 | Zig:13   | Entered Level 13 of a ziggurat
163374 | Zig:13   | Got a flickering turquoise ring
163376 | Zig:13   | Identified the ring of Leaves {+cTele *Drain rPois Int+4} (You found it on level 13 of a ziggurat)
163385 | Zig:13   | Identified the Reference Book on Earthen Shape Shifting
163388 | Zig:13   | Got a pair of bloodstained boots
163399 | Zig:13   | Identified the +0 pair of boots of Gaeniag {Slay+2} (You found it on level 13 of a ziggurat)
163411 | Zig:13   | Got an ancient brass ring
163412 | Zig:13   | Identified the ring "Unea" {Ice *Confuse Str-3 Dex+9 SInv} (You found it on level 13 of a ziggurat)
163481 | Pan      | Got a scorched chain mail
163590 | Pan      | Noticed Doism the pandemonium lord
163607 | Pan      | Killed Doism the pandemonium lord
164222 | Pan      | Found an exit through the horrors of the Abyss.
164441 | Pan      | Got a transparent dagger
164461 | Pan      | Identified the +1 dagger of the Last Demons {freeze, -Tele Dex+4 Stlth+} (You found it in Pandemonium)
164463 | Pan      | Identified the +1 chain mail "Jaobbeek" {Str+5} (You found it in Pandemonium)
165062 | Pan      | Got a demonic rune of Zot
165072 | Pan      | Found an exit through the horrors of the Abyss.
165085 | Pan      | Took an exit into the Abyss.
165085 | Abyss:1  | Escaped into the Abyss
165089 | Depths:1 | Escaped the Abyss
165622 | Zot:3    | Killed an orb of fire
166001 | Zot:5    | Entered Level 5 of the Realm of Zot
166044 | Zot:5    | Reached skill level 15 in Translocations
166702 | Zot:5    | Noticed an orb of fire
166711 | Zot:5    | Killed an orb of fire
166714 | Zot:5    | Noticed an ancient lich
166717 | Zot:5    | Noticed an ancient lich
166719 | Zot:5    | Noticed an orb of fire
166721 | Zot:5    | Killed an ancient lich
166723 | Zot:5    | Killed an ancient lich
166732 | Zot:5    | Killed an orb of fire
166907 | Zot:5    | Noticed an ancient lich
166915 | Zot:5    | Killed an ancient lich
166990 | Zot:5    | Noticed an ancient lich
166997 | Zot:5    | Killed an ancient lich
166997 | Zot:5    | Reached skill level 15 in Fire Magic
167155 | Zot:5    | Noticed an orb of fire
167164 | Zot:5    | Killed an orb of fire
167416 | Zot:5    | Got the Orb of Zot
167427 | Zot:5    | Noticed Nywkad the pandemonium lord
167656 | Depths:4 | Noticed Uduytrum the pandemonium lord
167817 | D:13     | Noticed Gamofiq the pandemonium lord
167859 | D:12     | Killed Gamofiq the pandemonium lord
168166 | D:$      | Escaped with the Orb!

Vault maps used:
D:1:      shiori_arrival_oz
D:2:      minmay_cut_off, uniq_crazy_yiuf_cottage
D:3:      gammafunk_temple_overflow_statue
D:4:      okawaru_metal_pillars_1_2, amethyst_overflow_temple_binary,
          feat_on_display
D:5:      temple_fountains, first_bread, uniq_grinder
D:6:      yredelemnul_forgotten_temple_becter
D:7:      uniq_joseph
D:8:      lemuel_round_altar, grunt_ogre_cave, grunt_qazlal_sundering
D:10:     spider_trap, small_statue_intersection, uniq_harold
D:11:     lair_0_dummy, orc_0_dummy
D:13:     david_vaults_5, basic_altar, uniq_urug, uniq_kirke, uniq_snorg
D:14:     minivault_26, lightli_elemental_guards, uniq_louise
D:15:     grunt_enter_depths_magical_seal, nrook_mini_backslash,
          xom_teletrap_fun
Temple:   chambers_temple_12
Lair:1:   beast_lair_carwin_large_1, minmay_lair_oklob_bushes
Lair:3:   minmay_snake_entry_six_corridors, minmay_another_anthill, uniq_sonja
Lair:4:   portal_ice_cave_entry_imps, roderic_carrion_pond
Lair:5:   spider_nest_entry_rubble, st_stairs_3, infiniplex_staircase_pool
Lair:6:   shoals_dummy_entry, slime_altar_1
Lair:7:   grunt_forest_small_clearings, eino_small_chamber_without_monster,
          hibernation_bobbens
Lair:8:   evilmike_catoblepas_cave, serial_bayou_shore_a
Shoals:4: shoals_end_simple, shoal_ilsuiw
Snake:1:  serial_shops, nicolae_shop_behind_doors, hangedman_snake_corridor_cut
Snake:3:  basic_loot_grate_trap, uniq_aizul, uniq_vashnia, uniq_mara
Snake:4:  minmay_snake_end_coiled, serial_shops, nicolae_shop_stone
Slime:1:  cheibrodos_slime_lost_civilization_4
Slime:6:  uniq_dissolution
Orc:2:    trap_god_beogh
Orc:3:    nicolae_orc_accident_1, nicolae_orc_pool_cavern, mines2_lemuel
Orc:4:    grunt_orc_gardens, grunt_orc_garden, grunt_orc_garden,
          grunt_orc_garden, grunt_orc_garden, basic_altar, uniq_josephine
Elf:1:    minivault_28, st_stairs_10, kb_rosetta
Elf:3:    minmay_elf_hall_dome, serial_shops, nicolae_shop_waterfront
Vaults:1: grunt_vaults_twisty, v_rooms_4, v_pattern_4,
          ontoclasm_vaults_misaligned, nicolae_vaults_ring_of_whatevers,
          vaults_room_large_hall, vaults_mumra_hex, ontoclasm_vaults_chip,
          nicolae_trove_entry_crossroad, basic_altar, uniq_asterion
Vaults:2: vaults_mumra_minichess_inversion, vaults_dpeg_doors,
          hangedman_vaults_hat, grunt_vaults_funnel, nicolae_vaults_arrows,
          v_misc_18, v_misc_18, minmay_crypt_entry_necro_gods,
          ontoclasm_vaults_twist, vaults_dpeg_ring, nicolae_vaults_rhombus_6,
          st_lattice, vaults_room_pools, serial_shops,
          nicolae_shop_temple_entry_statues_fountains, shop, shop, shop,
          uniq_jorgrun, uniq_frederick
Vaults:3: v_rooms_6, nicolae_vaults_border_crossing, v_misc_19, v_misc_2,
          nicolae_vaults_yaktaur_gun_rack, vaults_dpeg_spiral,
          dpeg_vaults_monster_box, nicolae_vaults_windows_and_doors_thing,
          serial_shops, nicolae_shop_temple_entry_statues_fountains
Vaults:4: vaults_standard_mumra_enter_the_diamond, vaults_mumra_lcd, v_rooms_1,
          vaults_room_grid, hangedman_vaults_pinch, ontoclasm_vaults_hangar,
          v_rooms_4, ontoclasm_vaults_decontamination, vaults_room_door_ring,
          nicolae_vaults_alarming, ontoclasm_vaults_misaligned,
          nicolae_vaults_mini_display_case, serial_shops,
          nicolae_shop_temple_entry_statues_fountains, uniq_saint_roka
Crypt:1:  grunt_crypt_arrival_split, roderic_lattice_octagonal_star,
          uniq_margery
Crypt:2:  serial_sigils_hangedman_snap, uniq_sojobo, uniq_mennas
Crypt:3:  david_glass_crypt
Tomb:2:   uniq_khufu
Depths:1: minmay_misc_feat_square, rand_demon_pan_entry_5, hell_entry,
          serial_glass, glass_columns_a, glass_columns_a, serial_bayou_lake_a
Depths:2: grunt_runaround, hell_entry
Depths:3: hangedman_cross_stitches, pf_dread_powers_of_hell,
          minmay_misc_feat_cross, pan_entry, hangedman_abyss_entry_splay,
          hangedman_decor_points, serial_bayou_shore_b
Depths:4: minmay_nested_s, hangedman_decor_clover_reticule, hell_entry,
          abyss_entry_crystal, nicolae_for_you_no_charge
Depths:5: grunt_zot_entry_tricorne, abyss_entry, serial_shops, shop_fountains,
          minmay_misc_feat_roman, hell_entry, kilobyte_rumbling_trees,
          uniq_boris
Dis:2:    grunt_dis_stairs_iron_hall
Dis:4:    hangedman_dis_decor_blocks_talon
Dis:7:    dis_st
Geh:3:    nicolae_geh_lava_in_the_way
Geh:5:    grunt_megastairs_1
Geh:6:    lemuel_elevator
Geh:7:    evilmike_geh
Coc:7:    coc_hangedman
Tar:1:    nicolae_tar_cuneiform_heaven, grunt_tartarus_stairs_gauntlet_trap,
          grunt_megastairs_2
Tar:2:    hangedman_snap_crack_crunch
Tar:7:    tar_mu
Zot:1:    st_single_dragon_hoard_1
Zot:4:    st_stairs_10
Abyss:1:  evilmike_abyss_exit_disperse
Abyss:2:  bh_abyss_exit_choice, grunt_abyss_exit_deep_breaths,
          abyss_greek_temple
Abyss:3:  minivault_25_ag, minivault_4, evilmike_abyss_rune_siren,
          evilmike_abyss_rune_tso_outpost
Abyss:4:  evilmike_abyss_exit_glass, evilmike_abyss_rune_ettins,
          kb_abyss_rune_zappy, evilmike_abyss_exit_11, lemuel_flamethrower_2
Abyss:5:  evilmike_abyss_exit_vortex, evilmike_abyss_rune_curve
Pan:      evilmike_mini_pan_pillars, evilmike_mini_pan_corner, rand_demon_8,
          enter_ziggurat_pan_a, grunt_pan_in_and_out, cerebov_grunt,
          evilmike_mini_pan_possible_glass, nicolae_pan_hourglass,
          pan_blood_fountain_small, lemuel_draining_boxes, pan_blood_fountain,
          nicolae_pan_lom_lobonic_4, grunt_pan_in_and_out, rand_demon_4,
          rand_demon_8, enter_ziggurat_pan_c, grunt_pan_pentagram,
          nicolae_pan_double_arrow, lom_lobon_st, pan_blood_fountain,
          rand_demon_3, evilmike_gloorx_vloq_box, mnoleg_st, uniq_gloorx_vloq,
          evilmike_mini_pan_corner, uniq_lom_lobon, uniq_mnoleg,
          evilmike_holy_pan, rand_demon_9, pan_blood_fountain_small,
          uniq_gloorx_vloq, grunt_pan_sceptre, uniq_mnoleg,
          nicolae_pan_hourglass, uniq_gloorx_vloq, evilmike_mini_pan_rooms,
          nicolae_pan_mnolegish_2, pan_disco_hall, enter_ziggurat_pan_d,
          evilmike_mini_pan_V, pan_blood_fountain_2
Zig:4:    ziggurat_pillar_centre_c
Zig:6:    ziggurat_loot_3
Zig:8:    ziggurat_pillar_centre_smoke
Zig:9:    ziggurat_pillar_centre_dead_trees
Zig:11:   ziggurat_pillar_centre_oklobs
Zig:12:   ziggurat_pillar_centre_drop
Trove:    trove_armour_1
IceCv:    ice_cave_caverns_02

Action                   |  1- 3 |  4- 6 |  7- 9 | 10-12 | 13-15 | 16-18 | 19-21 | 22-24 | 25-27 || total
-------------------------+-------+-------+-------+-------+-------+-------+-------+-------+-------++-------
Melee: Whip              |    10 |       |       |       |       |       |       |       |       ||    10
       Club              |     6 |       |       |       |       |       |       |       |       ||     6
       Hammer            |       |   111 |   311 |   668 |  1157 |     5 |       |       |       ||  2252
       Flail             |       |       |       |       |       |   866 |  1179 |  1309 | 11432 || 14786
       Blowgun           |       |       |       |       |       |     4 |       |       |       ||     4
 Fire: Blowgun           |       |       |     7 |    34 |    73 |    27 |     4 |       |       ||   145
Throw: Stone             |       |       |     1 |     1 |       |       |       |       |       ||     2
 Cast: Sting             |    40 |    95 |   129 |   192 |    54 |     3 |       |       |       ||   513
       Mephitic Cloud    |       |     6 |    21 |    68 |   191 |    24 |   114 |    59 |   185 ||   668
       Flame Tongue      |       |       |    23 |       |       |       |       |       |       ||    23
       Sandblast         |       |       |    10 |    32 |       |       |       |       |       ||    42
       Dazzling Spray    |       |       |       |    67 |   333 |   505 |   408 |   378 |  1105 ||  2796
       Magic Dart        |       |       |       |   144 |   412 |   537 |   245 |   221 |  1239 ||  2798
       Iskenderun's Batt |       |       |       |    44 |   179 |   222 |   190 |   171 |   728 ||  1534
       Lee's Rapid Decon |       |       |       |     4 |     5 |       |    53 |    64 |   444 ||   570
       Force Lance       |       |       |       |       |    47 |   115 |   171 |   213 |   660 ||  1206
       Shroud of Golubri |       |       |       |       |     4 |    15 |     5 |    15 |    98 ||   137
       Stoneskin         |       |       |       |       |     4 |    13 |    15 |    23 |   124 ||   179
       Gell's Gravitas   |       |       |       |       |       |       |     4 |       |       ||     4
       Animate Skeleton  |       |       |       |       |       |       |    78 |   141 |   159 ||   378
       Apportation       |       |       |       |       |       |       |     1 |     8 |    26 ||    35
       Phase Shift       |       |       |       |       |       |       |     1 |     1 |     8 ||    10
       Fireball          |       |       |       |       |       |       |       |    44 |   409 ||   453
       Control Teleport  |       |       |       |       |       |       |       |     1 |    10 ||    11
       Recall            |       |       |       |       |       |       |       |     1 |       ||     1
       Iskenderun's Myst |       |       |       |       |       |       |       |     4 |    91 ||    95
       Blink             |       |       |       |       |       |       |       |       |    13 ||    13
       Sticky Flame      |       |       |       |       |       |       |       |       |   219 ||   219
       Bolt of Magma     |       |       |       |       |       |       |       |       |   114 ||   114
       Bolt of Cold      |       |       |       |       |       |       |       |       |    36 ||    36
       Swiftness         |       |       |       |       |       |       |       |       |    20 ||    20
       Repel Missiles    |       |       |       |       |       |       |       |       |    14 ||    14
       Passwall          |       |       |       |       |       |       |       |       |     9 ||     9
       Regeneration      |       |       |       |       |       |       |       |       |     5 ||     5
       Olgreb's Toxic Ra |       |       |       |       |       |       |       |       |     1 ||     1
       Cause Fear        |       |       |       |       |       |       |       |       |     1 ||     1
Invok: Recite            |       |       |       |       |       |       |       |       |   335 ||   335
       Vitalisation      |       |       |       |       |       |       |       |       |     5 ||     5
       Sanctuary         |       |       |       |       |       |       |       |       |     4 ||     4
       Cure All Mutation |       |       |       |       |       |       |       |       |     1 ||     1
       Divine Shield     |       |       |       |       |       |       |       |       |     1 ||     1
 Abil: Fly               |       |       |       |       |     1 |     3 |       |     1 |    11 ||    16
       Stop Flying       |       |       |       |       |       |     3 |     1 |       |    12 ||    16
Evoke: Wand              |       |       |       |     1 |    15 |     2 |     4 |     9 |    39 ||    70
       Phial of floods   |       |       |       |       |     1 |     1 |       |     4 |     4 ||    10
       Lamp of fire      |       |       |       |       |       |     1 |     1 |     3 |     8 ||    13
       Phantom mirror    |       |       |       |       |       |       |       |     1 |       ||     1
       Fan of gales      |       |       |       |       |       |       |       |       |     2 ||     2
  Use: Scroll            |     2 |     4 |     7 |    11 |    10 |    11 |    13 |    14 |   108 ||   180
       Potion            |     1 |     1 |     4 |     2 |     3 |     7 |     1 |     2 |    26 ||    47
 Stab: Sleeping          |     1 |       |     5 |     4 |     3 |     5 |    13 |    19 |    77 ||   127
       Confused          |       |       |     2 |    21 |    73 |    16 |    53 |    28 |   260 ||   453
       Distracted        |       |       |     1 |       |     2 |     1 |     6 |    24 |    49 ||    83
       Invisible         |       |       |       |     5 |    41 |    13 |    11 |    18 |    94 ||   182
       Fleeing           |       |       |       |       |     1 |       |       |       |       ||     1
       Paralysed         |       |       |       |       |       |       |       |       |     5 ||     5
       Petrified         |       |       |       |       |       |       |       |       |     2 ||     2
       Petrifying        |       |       |       |       |       |       |       |       |     1 ||     1
  Eat: Chunk             |     2 |    11 |    16 |    39 |    72 |    29 |   111 |   118 |   250 ||   648
       Pizza             |       |       |     2 |       |       |     2 |       |       |     3 ||     7
       Royal jelly       |       |       |       |     1 |     1 |     5 |       |       |    17 ||    24
       Beef jerky        |       |       |       |       |     6 |     2 |       |       |     7 ||    15
       Meat ration       |       |       |       |       |     1 |     1 |       |       |    25 ||    27
       Bread ration      |       |       |       |       |       |     3 |       |     1 |     8 ||    12
       Fruit             |       |       |       |       |       |       |       |     7 |     8 ||    15
